[Event "37th Andorra Open 2019"]
[Site "Caldea"]
[Date "2019.08.02"]
[Round "7.2"]
[White "Kirk, Ezra"]
[Black "Ruiz Castillo, Joshua Daniel"]
[Result "0-1"]
[ECO "C01"]
[WhiteElo "2420"]
[BlackElo "2501"]
[Annotator "ChessBase"]
[PlyCount "78"]
[EventDate "2018.07.21"]
[EventType "swiss"]
[EventCountry "AND"]
[SourceTitle "playchess.com"]
[Source "ChessBase"]
[SourceQuality "1"]
[TimeControl "40/5400+30:1800+30"]

1. e4 e6 2. d4 d5 3. exd5 exd5 4. Nf3 Nc6 5. Bd3 Bd6 6. O-O Nge7 7. Na3 O-O 8. Nb5 Bf5 9. Nxd6 Qxd6 10. Bxf5 Nxf5 11. Qd3 Qd7 12. Bf4 f6 13. Bxc7 Rac8 14. Bf4 Nb4 15. Qd2 Nxc2 16. Rac1 Qa4 17. Rfd1 g5 18. g4 Ncxd4 19. Qd3 Ne2+ 20. Qxe2 Qxf4 21. Rxc8 Qxg4+ 22. Kf1 Rxc8 23. Qe6+ Kg7 24. Qxd5 Rc7 25. b3 Ne7 26. Qd3 Qh3+ 27. Kg1 Ng6 28. Qd6 Nf4 29. Qxc7+ Kh6 30. Qxf4 gxf4 31. Rd3 Qf5 32. Ne1 Qa5 33. Nf3 Qxa2 34. Nd2 Qc2 35. Rd6 Kg7 36. Kg2 Qc7 37. Ne4 f5 38. Nf6 f3+ 39. Kh3 Qf7 0-1

[Event "37th Andorra Open 2019"]
[Site "Caldea"]
[Date "2019.08.02"]
[Round "7.4"]
[White "Peralta, Fernando"]
[Black "Riff, Jean-Noel"]
[Result "1/2-1/2"]
[ECO "D63"]
[WhiteElo "2562"]
[BlackElo "2495"]
[Annotator "ChessBase"]
[PlyCount "68"]
[EventDate "2018.07.21"]
[EventType "swiss"]
[EventCountry "AND"]
[SourceTitle "playchess.com"]
[Source "ChessBase"]
[SourceQuality "1"]
[TimeControl "40/5400+30:1800+30"]

1. d4 d5 2. c4 e6 3. Nc3 Be7 4. Nf3 Nf6 5. Bg5 h6 6. Bh4 O-O 7. e3 Nbd7 8. Rc1 c5 9. dxc5 dxc4 10. c6 bxc6 11. Bxc4 Nd5 12. Bxe7 Qxe7 13. O-O Bb7 14. e4 Nxc3 15. Rxc3 c5 16. Qc2 Rfd8 17. Rc1 Rac8 18. Bf1 Nf6 19. Re1 Qd7 20. h3 Qc6 21. Nd2 Rxd2 22. Qxd2 Nxe4 23. Rxe4 Qxe4 24. Rxc5 Rf8 25. Rc7 Bd5 26. b4 Qe5 27. Qc3 Qxc3 28. Rxc3 Bxa2 29. Ra3 Bd5 30. Rxa7 Rb8 31. b5 Kf8 32. f3 Rb7 33. Ra1 Ke7 34. Kf2 Ke8 1/2-1/2

[Event "37th Andorra Open 2019"]
[Site "Caldea"]
[Date "2019.08.02"]
[Round "7.5"]
[White "Garcia Martin, Marta"]
[Black "Kharitonov, Alexandr"]
[Result "1/2-1/2"]
[ECO "B13"]
[WhiteElo "2335"]
[BlackElo "2540"]
[Annotator "ChessBase"]
[PlyCount "34"]
[EventDate "2018.07.21"]
[EventType "swiss"]
[EventCountry "AND"]
[SourceTitle "playchess.com"]
[Source "ChessBase"]
[SourceQuality "1"]
[TimeControl "40/5400+30:1800+30"]

1. e4 c6 2. d4 d5 3. exd5 cxd5 4. Bd3 Nc6 5. c3 Qc7 6. Ne2 Bg4 7. O-O e6 8. Qe1 Nf6 9. f3 Bh5 10. Qh4 h6 11. Qh3 Bd6 12. Ng3 Bxg3 13. Qxg3 Qxg3 14. hxg3 Bg6 15. Bxg6 fxg6 16. Nd2 Kf7 17. Nb3 b6 1/2-1/2

[Event "37th Andorra Open 2019"]
[Site "Caldea"]
[Date "2019.08.02"]
[Round "7.7"]
[White "Thybo, Jesper Sondergaard"]
[Black "Ochsner, Bjorn Moller"]
[Result "1-0"]
[ECO "E97"]
[WhiteElo "2528"]
[BlackElo "2483"]
[Annotator "ChessBase"]
[PlyCount "83"]
[EventDate "2018.07.21"]
[EventType "swiss"]
[EventCountry "AND"]
[SourceTitle "playchess.com"]
[Source "ChessBase"]
[SourceQuality "1"]
[TimeControl "40/5400+30:1800+30"]

1. d4 Nf6 2. c4 g6 3. Nc3 Bg7 4. e4 d6 5. Nf3 O-O 6. Be2 e5 7. O-O Nc6 8. d5 Ne7 9. Bg5 Nd7 10. Nd2 a5 11. a3 h6 12. Be3 c5 13. f3 Kh7 14. Nb5 Nf6 15. b4 b6 16. bxc5 bxc5 17. f4 exf4 18. Bxf4 Ne8 19. Rb1 f5 20. Bg3 fxe4 21. Rxf8 Bxf8 22. Nxe4 Nf5 23. Bf2 Nf6 24. Nxf6+ Qxf6 25. g4 Ng7 26. Bg3 Ne8 27. Qc2 Be7 28. Rf1 Qg7 29. h3 Ra6 30. Bd3 Bf6 31. Qe2 Bd7 32. Qe4 Rb6 33. h4 Be5 34. Bxe5 dxe5 35. h5 Kh8 36. hxg6 Bxb5 37. Rf7 Nd6 38. Rxg7 Nxe4 39. Rh7+ Kg8 40. cxb5 Nf6 41. Rc7 Nxg4 42. Bf5 1-0

[Event "37th Andorra Open 2019"]
[Site "Caldea"]
[Date "2019.08.02"]
[Round "7.8"]
[White "Arizmendi Martinez, Julen Luis"]
[Black "Hansen, Mads"]
[Result "1-0"]
[ECO "C88"]
[WhiteElo "2512"]
[BlackElo "2406"]
[Annotator "ChessBase"]
[PlyCount "81"]
[EventDate "2018.07.21"]
[EventType "swiss"]
[EventCountry "AND"]
[SourceTitle "playchess.com"]
[Source "ChessBase"]
[SourceQuality "1"]
[TimeControl "40/5400+30:1800+30"]

1. e4 e5 2. Nf3 Nc6 3. Bb5 a6 4. Ba4 Nf6 5. O-O Be7 6. Re1 b5 7. Bb3 O-O 8. a4 b4 9. a5 d6 10. d3 Be6 11. Nbd2 Bxb3 12. Nxb3 d5 13. exd5 Qxd5 14. Bg5 Rab8 15. Nfd2 Rb5 16. Qe2 h6 17. Bxf6 Bxf6 18. Nc4 Be7 19. Qe4 Qd7 20. Ncd2 f5 21. Qc4+ Kh8 22. Nf3 Bd6 23. Re2 Re8 24. Qh4 Ne7 25. Qh5 Kg8 26. Rae1 e4 27. Nfd4 Rd5 28. Qh3 exd3 29. cxd3 c5 30. Nf3 Rxd3 31. Nxc5 Bxc5 32. Ne5 Bxf2+ 33. Rxf2 Rxh3 34. Nxd7 Rd3 35. Nc5 Rd6 36. Rfe2 Kf7 37. Kf2 g5 38. g3 h5 39. b3 Rf6 40. Ne6 Kg6 41. Nc7 1-0

[Event "37th Andorra Open 2019"]
[Site "Caldea"]
[Date "2019.08.03"]
[Round "8.1"]
[White "Lagarde, Maxime"]
[Black "Ruiz Castillo, Joshua Daniel"]
[Result "1-0"]
[ECO "B23"]
[WhiteElo "2597"]
[BlackElo "2501"]
[Annotator "ChessBase"]
[PlyCount "42"]
[EventDate "2018.07.21"]
[EventType "swiss"]
[EventCountry "AND"]
[SourceTitle "playchess.com"]
[Source "ChessBase"]
[SourceQuality "1"]
[TimeControl "40/5400+30:1800+30"]

1. e4 c5 2. Nc3 g6 3. h4 h5 4. d4 cxd4 5. Qxd4 Nf6 6. Bg5 Nc6 7. Qd2 Bg7 8. O-O-O d6 9. Kb1 Be6 10. f3 Rc8 11. Nh3 Ne5 12. Bb5+ Bd7 13. f4 Nc4 14. Bxc4 Rxc4 15. e5 dxe5 16. fxe5 Ne4 17. Nxe4 Rxe4 18. Nf4 Qc7 19. Bxe7 Rxf4 20. Bd6 Qc4 21. Ba3 Re4 1-0

[Event "37th Andorra Open 2019"]
[Site "Caldea"]
[Date "2019.08.03"]
[Round "8.2"]
[White "Arizmendi Martinez, Julen Luis"]
[Black "Kogan, Arthur"]
[Result "1/2-1/2"]
[ECO "C95"]
[WhiteElo "2512"]
[BlackElo "2535"]
[Annotator "ChessBase"]
[PlyCount "34"]
[EventDate "2018.07.21"]
[EventType "swiss"]
[EventCountry "AND"]
[SourceTitle "playchess.com"]
[Source "ChessBase"]
[SourceQuality "1"]
[TimeControl "40/5400+30:1800+30"]

1. e4 e5 2. Nf3 Nc6 3. Bb5 a6 4. Ba4 Nf6 5. O-O b5 6. Bb3 Be7 7. Re1 d6 8. c3 O-O 9. h3 Nb8 10. d4 Nbd7 11. c4 Bb7 12. Nc3 c6 13. a3 bxc4 14. Bxc4 Nb6 15. Ba2 Nfd7 16. Be3 Bf6 17. Rc1 a5 1/2-1/2

[Event "37th Andorra Open 2019"]
[Site "Caldea"]
[Date "2019.08.03"]
[Round "8.3"]
[White "Narciso Dublan, Marc"]
[Black "Thybo, Jesper Sondergaard"]
[Result "1/2-1/2"]
[ECO "D27"]
[WhiteElo "2489"]
[BlackElo "2528"]
[Annotator "ChessBase"]
[PlyCount "88"]
[EventDate "2018.07.21"]
[EventType "swiss"]
[EventCountry "AND"]
[SourceTitle "playchess.com"]
[Source "ChessBase"]
[SourceQuality "1"]
[TimeControl "40/5400+30:1800+30"]

1. d4 Nf6 2. c4 e6 3. Nf3 d5 4. Nc3 dxc4 5. e3 a6 6. a4 c5 7. Bxc4 Nc6 8. O-O Be7 9. Qe2 cxd4 10. Rd1 e5 11. exd4 exd4 12. Nxd4 Nxd4 13. Qe5 Qd6 14. Qxd6 Bxd6 15. Rxd4 Bc5 16. Rd3 O-O 17. Be3 Bxe3 18. Rxe3 Bd7 19. Nd5 Rfe8 20. Nxf6+ gxf6 21. Rg3+ Kf8 22. h3 h6 23. Bd5 a5 24. Rd1 Bxa4 25. b3 Bc6 26. Bxc6 bxc6 27. Rd6 Re6 28. Rxe6 fxe6 29. Rg6 Ke7 30. Rxh6 Rb8 31. Rh7+ Kd6 32. Ra7 Rxb3 33. Rxa5 Rb1+ 34. Kh2 c5 35. Ra8 c4 36. Rc8 Kd5 37. g4 Kd4 38. f4 Rb2+ 39. Kg3 c3 40. g5 fxg5 41. fxg5 Rb5 42. Kh4 Rb1 43. Rd8+ Ke3 44. Rc8 Kd4 1/2-1/2

[Event "37th Andorra Open 2019"]
[Site "Caldea"]
[Date "2019.08.03"]
[Round "8.4"]
[White "Henderson de La Fuente, Lance"]
[Black "Peralta, Fernando"]
[Result "1/2-1/2"]
[ECO "C07"]
[WhiteElo "2471"]
[BlackElo "2562"]
[Annotator "ChessBase"]
[PlyCount "69"]
[EventDate "2018.07.21"]
[EventType "swiss"]
[EventCountry "AND"]
[SourceTitle "playchess.com"]
[Source "ChessBase"]
[SourceQuality "1"]
[TimeControl "40/5400+30:1800+30"]

1. e4 e6 2. d4 d5 3. Nd2 c5 4. Ngf3 cxd4 5. Nxd4 Nc6 6. Bb5 Bd7 7. Nxc6 bxc6 8. Bd3 Qc7 9. Qe2 Ne7 10. O-O Ng6 11. Nf3 Bd6 12. Re1 Rb8 13. e5 Be7 14. b3 c5 15. c3 a5 16. g3 a4 17. Bc2 Bb5 18. c4 Bc6 19. h4 Nf8 20. h5 Nd7 21. Nh2 O-O 22. Ng4 dxc4 23. bxc4 Ba8 24. Be4 Bxe4 25. Qxe4 Qb7 26. Qe2 Rfd8 27. h6 g6 28. Bf4 Qb2 29. Qe3 Qd4 30. Qc1 Qb2 31. Qxb2 Rxb2 32. Reb1 Rdb8 33. Rxb2 Rxb2 34. Rd1 Rb7 35. Kf1 1/2-1/2

[Event "37th Andorra Open 2019"]
[Site "Caldea"]
[Date "2019.08.03"]
[Round "8.5"]
[White "Vavulin, Maxim"]
[Black "Roselli Mailhe, Bernardo"]
[Result "1-0"]
[ECO "C01"]
[WhiteElo "2561"]
[BlackElo "2471"]
[Annotator "ChessBase"]
[PlyCount "80"]
[EventDate "2018.07.21"]
[EventType "swiss"]
[EventCountry "AND"]
[SourceTitle "playchess.com"]
[Source "ChessBase"]
[SourceQuality "1"]
[TimeControl "40/5400+30:1800+30"]

1. e4 e6 2. d4 d5 3. Bd3 c5 4. exd5 exd5 5. Nf3 Nc6 6. O-O Nf6 7. Re1+ Be7 8. dxc5 O-O 9. Nbd2 Bxc5 10. Nb3 Bb6 11. h3 Ne4 12. Be3 Bf5 13. c3 Bg6 14. Rc1 Re8 15. Rc2 f5 16. Bxb6 Qxb6 17. Nfd4 Ne5 18. Bb5 Re7 19. Qc1 a6 20. Bf1 Qf6 21. Qf4 Rf8 22. f3 Ng5 23. Re3 Be8 24. Rce2 Qh6 25. Rxe5 Nxh3+ 26. gxh3 Qxf4 27. Rxe7 Qg5+ 28. Kh1 Bh5 29. Rxb7 Qg3 30. Rg2 Bxf3 31. Rxg7+ Kxg7 32. Nxf3 Qxg2+ 33. Kxg2 Ra8 34. Nfd4 Kf6 35. Bd3 h6 36. Bxf5 Ke5 37. Kf3 h5 38. Nc5 a5 39. a4 h4 40. Nd3+ Kd6 {[%emt 0:00:00] Ke4} 1-0

[Event "37th Andorra Open 2019"]
[Site "Caldea"]
[Date "2019.08.03"]
[Round "8.6"]
[White "Fluvia Poyatos, Jordi"]
[Black "Cuartas, Jaime Alexander"]
[Result "1-0"]
[ECO "D45"]
[WhiteElo "2455"]
[BlackElo "2542"]
[Annotator "ChessBase"]
[PlyCount "101"]
[EventDate "2018.07.21"]
[EventType "swiss"]
[EventCountry "AND"]
[SourceTitle "playchess.com"]
[Source "ChessBase"]
[SourceQuality "1"]
[TimeControl "40/5400+30:1800+30"]

1. Nf3 d5 2. c4 c6 3. e3 Nf6 4. Nc3 e6 5. d4 Nbd7 6. Bd2 b6 7. Bd3 Bb7 8. O-O dxc4 9. Bxc4 b5 10. Bd3 Bd6 11. b4 O-O 12. a3 e5 13. Qc2 exd4 14. exd4 h6 15. Rfe1 a5 16. bxa5 Bc7 17. Ne4 Bxa5 18. Bxa5 Rxa5 19. Nd6 Qb8 20. Nf5 Qa8 21. Ne5 Nxe5 22. dxe5 Nd5 23. Qc1 Qd8 24. Nxh6+ Kh8 25. Nf5 Ra4 26. Re4 Kg8 27. Rxa4 bxa4 28. Rb1 Bc8 29. Qxc6 Bxf5 30. Bxf5 Ne7 31. Qd7 Nxf5 32. Qxf5 Qd5 33. Qc2 Ra8 34. Re1 Qb3 35. Qc5 Rd8 36. h3 Rd3 37. Re3 Rd1+ 38. Kh2 Qb1 39. Qc8+ Kh7 40. Qg4 g6 41. e6 Rh1+ 42. Kg3 fxe6 43. Qxe6 Qb8+ 44. f4 Rb1 45. Qd7+ Kh6 46. Qxa4 g5 47. Qc6+ Kh5 48. Qf3+ Kh6 49. Re6+ Kg7 50. Qc3+ Kg8 51. Rg6+ 1-0

[Event "37th Andorra Open 2019"]
[Site "Caldea"]
[Date "2019.08.03"]
[Round "8.8"]
[White "Rychagov, Andrey"]
[Black "Kirk, Ezra"]
[Result "1-0"]
[ECO "D42"]
[WhiteElo "2537"]
[BlackElo "2420"]
[Annotator "ChessBase"]
[PlyCount "83"]
[EventDate "2018.07.21"]
[EventType "swiss"]
[EventCountry "AND"]
[SourceTitle "playchess.com"]
[Source "ChessBase"]
[SourceQuality "1"]
[TimeControl "40/5400+30:1800+30"]

1. d4 Nf6 2. c4 e6 3. Nf3 d5 4. Nc3 c5 5. cxd5 Nxd5 6. e3 Nc6 7. Bd3 cxd4 8. exd4 Be7 9. O-O O-O 10. Re1 Bf6 11. Be4 Nce7 12. Qd3 g6 13. Bh6 Bg7 14. Qd2 b6 15. Bg5 f6 16. Bh6 Bxh6 17. Qxh6 Bb7 18. Qd2 Qd7 19. h4 Kh8 20. Re2 Rad8 21. Rd1 Qd6 22. Ree1 a6 23. Nxd5 Nxd5 24. Bxg6 Rg8 25. Be4 f5 26. Ne5 Qe7 27. Bxd5 Bxd5 28. f3 Rg3 29. Qf4 Rdg8 30. Rd2 Qg7 31. Ree2 Bxa2 32. Rc2 Bb3 33. Rcd2 a5 34. h5 Qf6 35. h6 R3g5 36. Re3 Bd5 37. Rc3 Rf8 38. Nd7 Qxh6 39. Qe5+ Rg7 40. Rdc2 Rfg8 41. Rc8 Bxf3 42. Nf6 1-0

[Event "37th Andorra Open 2019"]
[Site "Caldea"]
[Date "2019.08.04"]
[Round "9.1"]
[White "Vavulin, Maxim"]
[Black "Lagarde, Maxime"]
[Result "0-1"]
[ECO "C01"]
[WhiteElo "2561"]
[BlackElo "2597"]
[Annotator "ChessBase"]
[PlyCount "101"]
[EventDate "2018.07.21"]
[EventType "swiss"]
[EventCountry "AND"]
[SourceTitle "playchess.com"]
[Source "ChessBase"]
[SourceQuality "1"]
[TimeControl "40/5400+30:1800+30"]

1. e4 e6 2. d4 d5 3. Bd3 dxe4 4. Bxe4 Nf6 5. Bf3 c5 6. Ne2 Nc6 7. Be3 cxd4 8. Nxd4 Ne5 9. Nc3 a6 10. Qe2 Nxf3+ 11. Qxf3 e5 12. Nb3 Bb4 13. O-O Bxc3 14. bxc3 O-O 15. Rfe1 Qd5 16. Qxd5 Nxd5 17. Bc5 Re8 18. c4 Nf4 19. Bd6 f6 20. c5 a5 21. Nd2 Be6 22. c4 Bf5 23. Re3 Nd3 24. Nf3 Nb4 25. Rb3 Bc2 26. Rb2 Be4 27. Nd2 Bc6 28. Nb3 Nd3 29. Rd2 Nf4 30. f3 a4 31. Nc1 a3 32. Ne2 Nxe2+ 33. Rxe2 e4 34. fxe4 Ra4 35. Rc1 Rb4 36. Rc3 Rxe4 37. Rxe4 Bxe4 38. Rxa3 Rxc4 39. Re3 Rc1+ 40. Kf2 Rc2+ 41. Re2 Rxe2+ 42. Kxe2 Bxg2 43. a4 g5 44. h4 h6 45. Be7 Kf7 46. Bd8 Kg6 47. Ke3 Bc6 48. a5 f5 49. hxg5 hxg5 50. Bc7 Kh5 51. Kd4 0-1

[Event "37th Andorra Open 2019"]
[Site "Caldea"]
[Date "2019.08.04"]
[Round "9.2"]
[White "Asis Gargatagli, Hipolito"]
[Black "Rychagov, Andrey"]
[Result "1/2-1/2"]
[ECO "C11"]
[WhiteElo "2506"]
[BlackElo "2537"]
[Annotator "ChessBase"]
[PlyCount "22"]
[EventDate "2018.07.21"]
[EventType "swiss"]
[EventCountry "AND"]
[SourceTitle "playchess.com"]
[Source "ChessBase"]
[SourceQuality "1"]
[TimeControl "40/5400+30:1800+30"]

1. e4 e6 2. d4 d5 3. Nc3 Nf6 4. e5 Nfd7 5. Nce2 c5 6. c3 Nc6 7. Nf3 Be7 8. a3 Qb6 9. g3 cxd4 10. cxd4 f6 11. exf6 Nxf6 1/2-1/2

[Event "37th Andorra Open 2019"]
[Site "Caldea"]
[Date "2019.08.04"]
[Round "9.3"]
[White "Kogan, Arthur"]
[Black "Narciso Dublan, Marc"]
[Result "1/2-1/2"]
[ECO "B12"]
[WhiteElo "2535"]
[BlackElo "2489"]
[Annotator "ChessBase"]
[PlyCount "58"]
[EventDate "2018.07.21"]
[EventType "swiss"]
[EventCountry "AND"]
[SourceTitle "playchess.com"]
[Source "ChessBase"]
[SourceQuality "1"]
[TimeControl "40/5400+30:1800+30"]

1. e4 c6 2. d4 d5 3. e5 c5 4. Ne2 Nc6 5. c3 Bd7 6. a3 e6 7. Nd2 f6 8. exf6 Nxf6 9. Nf3 Bd6 10. Bf4 Bxf4 11. Nxf4 cxd4 12. cxd4 O-O 13. g3 Qb6 14. b4 Rae8 15. Bh3 Nxd4 16. Qxd4 Qxd4 17. Nxd4 e5 18. Bxd7 Nxd7 19. Nxd5 exd4+ 20. Kf1 Ne5 21. Kg2 Nd3 22. Ra2 Rf5 23. Rd1 Ne1+ 24. Kf1 Nf3 25. Nf4 g5 26. Kg2 Ne1+ 27. Kf1 Nf3 28. Kg2 Ne1+ 29. Kf1 Nf3 1/2-1/2

[Event "37th Andorra Open 2019"]
[Site "Caldea"]
[Date "2019.08.04"]
[Round "9.4"]
[White "Thybo, Jesper Sondergaard"]
[Black "Riff, Jean-Noel"]
[Result "1-0"]
[ECO "E11"]
[WhiteElo "2528"]
[BlackElo "2495"]
[Annotator "ChessBase"]
[PlyCount "49"]
[EventDate "2018.07.21"]
[EventType "swiss"]
[EventCountry "AND"]
[SourceTitle "playchess.com"]
[Source "ChessBase"]
[SourceQuality "1"]
[TimeControl "40/5400+30:1800+30"]

1. d4 Nf6 2. c4 e6 3. Nf3 Bb4+ 4. Nbd2 O-O 5. a3 Be7 6. e4 d6 7. Be2 a5 8. Qc2 a4 9. Nb1 e5 10. Nc3 exd4 11. Nxd4 Nbd7 12. g4 Nc5 13. g5 Nfd7 14. f4 Re8 15. Be3 Bf8 16. O-O-O c6 17. Kb1 Qa5 18. h4 Nb6 19. g6 fxg6 20. h5 g5 21. h6 g6 22. f5 d5 23. fxg6 Nxe4 24. Nxe4 Rxe4 25. Bd3 1-0

[Event "37th Andorra Open 2019"]
[Site "Caldea"]
[Date "2019.08.04"]
[Round "9.5"]
[White "Ruiz Castillo, Joshua Daniel"]
[Black "Arizmendi Martinez, Julen Luis"]
[Result "0-1"]
[ECO "C71"]
[WhiteElo "2501"]
[BlackElo "2512"]
[Annotator "ChessBase"]
[PlyCount "54"]
[EventDate "2018.07.21"]
[EventType "swiss"]
[EventCountry "AND"]
[SourceTitle "playchess.com"]
[Source "ChessBase"]
[SourceQuality "1"]
[TimeControl "40/5400+30:1800+30"]

1. e4 e5 2. Nf3 Nc6 3. Bb5 a6 4. Ba4 d6 5. d4 b5 6. Bb3 Nxd4 7. Nxd4 exd4 8. Qxd4 c5 9. Qd3 c4 10. Bxc4 bxc4 11. Qxc4 Be6 12. Qe2 Nf6 13. O-O Be7 14. c4 Qb6 15. Nc3 Qd4 16. Nd5 Bxd5 17. exd5 Rc8 18. Re1 Rc7 19. b3 Qxa1 20. Bf4 Qd4 21. Bxd6 Qa7 22. Ba3 Rd7 23. d6 O-O 24. dxe7 Re8 25. h3 Qc7 26. Bb4 Qb6 27. Bc3 Qd6 0-1

[Event "37th Andorra Open 2019"]
[Site "Caldea"]
[Date "2019.08.04"]
[Round "9.6"]
[White "Fedorchuk, Sergey A."]
[Black "Fluvia Poyatos, Jordi"]
[Result "1-0"]
[ECO "B18"]
[WhiteElo "2633"]
[BlackElo "2455"]
[Annotator "ChessBase"]
[PlyCount "109"]
[EventDate "2018.07.21"]
[EventType "swiss"]
[EventCountry "AND"]
[SourceTitle "playchess.com"]
[Source "ChessBase"]
[SourceQuality "1"]
[TimeControl "40/5400+30:1800+30"]

1. e4 c6 2. d4 d5 3. Nd2 dxe4 4. Nxe4 Bf5 5. Ng3 Bg6 6. Nh3 Nd7 7. c3 Qc7 8. Bc4 e6 9. Nf4 Ngf6 10. Qf3 Bd6 11. Bb3 e5 12. Nxg6 hxg6 13. O-O O-O 14. Bg5 Rae8 15. Rad1 Qa5 16. Bd2 exd4 17. cxd4 Qb5 18. h4 Nb6 19. Rfe1 a5 20. Ne2 Ne4 21. Bc1 Qf5 22. Bf4 Bb4 23. Nc3 Bxc3 24. bxc3 Nxc3 25. Qxc3 Qxf4 26. Qxa5 Nd7 27. g3 Rxe1+ 28. Qxe1 Qd6 29. Qe4 Rd8 30. Re1 Kf8 31. Kg2 Nf6 32. Qe5 Nd5 33. Re4 Qd7 34. Re1 Qd6 35. Re4 Qd7 36. Qg5 Re8 37. Rxe8+ Kxe8 38. Qe5+ Kf8 39. a4 Nc7 40. a5 Kg8 41. Bc4 Kf8 42. Qc5+ Kg8 43. Qa7 Qc8 44. Qb6 Kf8 45. Qc5+ Kg8 46. Qe7 Ne6 47. d5 cxd5 48. Bxd5 Nd8 49. Kh2 Kh7 50. Bg2 Qb8 51. Qd7 Kh6 52. Be4 Kh7 53. Bd5 Kh6 54. Qe8 g5 55. Be4 1-0

[Event "37th Andorra Open 2019"]
[Site "Caldea"]
[Date "2019.08.04"]
[Round "9.7"]
[White "Peralta, Fernando"]
[Black "Aloma Vidal, Robert"]
[Result "0-1"]
[ECO "D31"]
[WhiteElo "2562"]
[BlackElo "2419"]
[Annotator "ChessBase"]
[PlyCount "76"]
[EventDate "2018.07.21"]
[EventType "swiss"]
[EventCountry "AND"]
[SourceTitle "playchess.com"]
[Source "ChessBase"]
[SourceQuality "1"]
[TimeControl "40/5400+30:1800+30"]

1. d4 d5 2. c4 e6 3. Nc3 a6 4. cxd5 exd5 5. Qb3 c5 6. Qxd5 cxd4 7. Qxd8+ Kxd8 8. Nd5 Be6 9. Nf4 Bf5 10. Nf3 Nc6 11. g3 Bb4+ 12. Bd2 Bxd2+ 13. Kxd2 Nf6 14. Bg2 Ke7 15. Rhc1 Be4 16. Nd3 Bd5 17. Nf4 Be4 18. Bh3 h6 19. Nd3 Bd5 20. Nfe5 Ne4+ 21. Ke1 Nxe5 22. Nxe5 Ng5 23. Bf1 Rac8 24. Nd3 Kd6 25. Nb4 Be4 26. h4 Ne6 27. Kd2 g5 28. Bh3 gxh4 29. gxh4 a5 30. Nd3 Rxc1 31. Rxc1 Rg8 32. a3 Bxd3 33. Bxe6 fxe6 34. Kxd3 Rg4 35. h5 Rh4 36. Rc8 e5 37. Rd8+ Kc6 38. Rc8+ Kd6 {[%emt 0:00:49] Kxd4} 0-1